 Dungeon Crawl Stone Soup version 0.31-a0-44-g49d609d0da (webtiles) character file.

Game seed: 16039495728422717028

631 blank1 the Chopper (level 7, -2/64 HPs)
             Began as a Minotaur Fighter on May 21, 2023.
             Was an Initiate of Okawaru.
             Slain by a gnoll
             ... wielding a +0 whip
             ... led by a gnoll bouda
              (8 damage)
             ... on level 4 of the Dungeon.
             The game lasted 00:07:24 (2994 turns).

blank1 the Chopper (Minotaur Fighter)               Turns: 2994, Time: 00:07:25

Health: -2/64      AC:  7    Str: 29    XL:     7   Next: 24%
Magic:  6/6        EV: 10    Int:  5    God:    Okawaru [......]
Gold:   421        SH:  4    Dex:  9    Spells: 6/6 levels left

rFire   . . .        a - +0 war axe
rCold   . . .        c - +0 buckler
rNeg    + . .        b - +0 scale mail
rPois   .            (helmet restricted)
rElec   .            (no cloak)
rCorr   .            (no gloves)
SInv    .            (no boots)
Will    .....        (no amulet) Stlth
                     j - ring of positive energy
HPRegen 0.30/turn    d - +6 ring of strength
MPRegen 0.10/turn

%: no passive effects
@: weakened
A: horns 2, retaliatory headbutt
a: Renounce Religion


You were on level 4 of the Dungeon.
You worshipped Okawaru.
Okawaru was noncommittal.
You visited 2 branches of the dungeon, and saw 5 of its levels.
You also visited: Ossuary.

You collected 421 gold pieces.

Inventory:

Hand Weapons
 a - a +0 war axe (weapon)
Armour
 b - a +0 scale mail (worn)
 c - a +0 buckler (worn)
Jewellery
 d - a +6 ring of strength (right hand)
 j - a ring of positive energy (left hand)
Scrolls
 e - 2 scrolls of immolation {unknown}
 f - a scroll of teleportation
 i - 3 scrolls of enchant weapon
 n - 5 scrolls of identify
 o - a scroll of amnesia {unknown}
 p - 3 scrolls of blinking {unknown}
 q - 2 scrolls of magic mapping
Potions
 g - a potion of invisibility
 h - a potion of haste
 k - 3 potions of heal wounds
 m - 2 potions of curing
 r - a potion of flight


   Skills:
 + Level 6.5 Fighting
 + Level 6.5 Axes
 - Level 5.0 Armour
 - Level 2.0 Dodging
 - Level 4.0 Shields
 + Level 0.1 Invocations


You had 6 spell levels left.
You didn't know any spells.
Your spell library contained the following spells:

 Spells                   Type           Power      Damage    Failure   Level
 Foxfire                  Conj/Fire      0%         2x1d4     77%         1
 Freeze                   Ice            0%         1d3       77%         1
 Fireball                 Conj/Fire      0%         3d3       100%        5
 Plasma Beam              Fire/Air       0%         2x1d11    100%        6
 Starburst                Conj/Fire      0%         6d3       100%        6


Dungeon Overview and Level Annotations

Branches:
Dungeon (4/15)             Temple (1/1) D:4         Ossuary (visited)

Altars:
Ashenzari
Cheibriados
Dithmenos
Elyvilon
Fedhas
Kikubaaqudgha
Makhleb
Nemelex Xobeh
Okawaru
Ru
Trog
Uskayaw
Vehumet
Wu Jian
Xom


Innate Abilities, Weirdness & Mutations

You have a pair of horns on your head.
You reflexively headbutt those who attack you in melee.


Message History

You kill the gnoll!
Okawaru accepts your kill. The gnoll closely misses you.
You block the gnoll's attack. x2
The gnoll hits you from afar with a +0 spear.
Unknown command.
You closely miss the gnoll.
The gnoll hits you from afar with a +0 halberd.
The gnoll hits you but does no damage.
The gnoll hits you from afar with a +0 spear.
The gnoll hits you from afar with a +0 halberd!
Unknown command.
You are too injured to fight recklessly!
Unknown command.
You are too injured to fight recklessly!
Unknown command.
You are too injured to fight recklessly!
The gnoll barely misses you.
The gnoll bouda attacks as you move away!
The gnoll bouda closely misses you.
Your attacks no longer feel as feeble.
The gnoll hits you but does no damage.
The gnoll bouda attacks as you move away!
The gnoll bouda hits you but does no damage.
You block the gnoll's attack. x2
The gnoll bouda gazes fiercely through you!
You feel your attacks grow feeble.
The gnoll bouda attacks as you move away!
The gnoll bouda hits you with a +0 club!
The gnoll hits you but does no damage. The gnoll completely misses you.
The gnoll hits you from afar with a +0 spear.
* * * LOW HITPOINT WARNING * * *
The gnoll bouda attacks as you move away!
The gnoll bouda hits you but does no damage.
The gnoll hits you from afar with a +0 halberd.
* * * LOW HITPOINT WARNING * * *
The gnoll bouda attacks as you move away!
The gnoll bouda hits you with a +0 club!
* * * LOW HITPOINT WARNING * * *
The gnoll attacks as you move away! The gnoll hits you with a +0 whip!
You die...

,+,,,,,,,,,,,,,#..........#
,*,*,*,*,,,,,,,#..........#
,*,,,,,,,**,,,,#..........#
,,,,,,,,,,*,,,,#..........#
,,,,,,,,,,*,,,,#..........#
,,,,,,,,,,*,,,,#g.........#
,,,,,,,,,,*,,,,#g.g.......#
,,,,,,,,,,*,,,,#gg........#
,,,,,,,,,,*,..,#@.........#
,,,,,,,,,,*,...#..........#
,,,,,,,,,,**##'#..........#
*****,,,,,,,.........######
*,,,,,,,.........#
******,<.........#
******,,.........#
*,,,**,,.........#
*******,,.........####


You could see a gnoll bouda and 4 gnolls.

Vanquished Creatures
  Grinder (D:3)
  Pargi (D:3)
  2 hounds
  Natasha (D:2)
  8 mummies (Ossuary)
  A gnoll (D:4)
  6 adders
  A worm (D:2)
  3 dart slugs
  An orc (D:3)
  5 ball pythons
  5 endoplasms
  4 giant cockroaches (D:1)
  A gnoll zombie (Ossuary)
  6 goblins
  9 hobgoblins
  5 quokkas
  8 bats
  A frilled lizard (D:1)
  5 hobgoblin zombies (Ossuary)
  12 kobolds
  A kobold zombie (Ossuary)
  An orc zombie (Ossuary)
  7 rats
95 creatures vanquished.

Notes
Turn   | Place    | Note
-------+----------+-------------------------------------------
     0 | D:1      | blank1 the Minotaur Fighter began the quest for the Orb.
     0 | D:1      | Reached XP level 1. HP: 19/19 MP: 0/0
   142 | D:1      | Reached XP level 2. HP: 27/27 MP: 1/1
   470 | D:1      | Reached XP level 3. HP: 32/33 MP: 2/2
   828 | D:2      | Reached XP level 4. HP: 39/41 MP: 3/3
  1332 | D:2      | Noticed Natasha
  1342 | D:2      | Killed Natasha
  1343 | D:2      | Reached skill level 5 in Fighting
  1343 | D:2      | Reached skill level 5 in Axes
  1343 | D:2      | Reached XP level 5. HP: 18/48 MP: 4/4
  1706 | D:3      | Noticed Grinder
  1721 | D:3      | Paralysed by Grinder for 5 turns
  1729 | D:3      | Paralysed by Grinder for 4 turns
  1735 | D:3      | Killed Grinder
  1736 | D:3      | Reached XP level 6. HP: 52/57 MP: 5/5
  1799 | D:3      | Reached skill level 1 in Dodging
  1835 | D:3      | Noticed Pargi
  1844 | D:3      | Killed Pargi
  1845 | D:3      | Reached skill level 5 in Armour
  1903 | D:3      | Found a sparkling altar of Nemelex Xobeh.
  1904 | D:3      | Found a burning altar of Makhleb.
  2283 | D:3      | Found a faded altar of an unknown god.
  2291 | D:3      | Got Plato's Information on the Chill
  2513 | D:4      | Found a sand-covered staircase.
  2522 | Ossuary  | Entered an ossuary
  2548 | Ossuary  | Reached XP level 7. HP: 30/63 MP: 6/6
  2884 | D:4      | Found a staircase to the Ecumenical Temple.
  2892 | Temple   | Entered the Ecumenical Temple
  2903 | Temple   | Became a worshipper of Warmaster Okawaru
  2994 | D:4      | Slain by a gnoll

Illustrated notes

Levels and vault maps discovered:
D:1:      kennysheep_arrival_forest, layout_loops_ring, minmay_close_crescents
D:2:      layout_basic, uniq_natasha
D:3:      layout_rooms, mainiacjoe_overflow_big_doors,
          shapermc_ecumenical_altar_rom_forum, roderic_lattice_a, uniq_pargi,
          uniq_grinder
D:4:      layout_gridville, nicolae_sif_muna_little_library,
          minmay_temple_entry_butterflies, nicolae_ossuary_entry_monument,
          serial_glass, glass_columns_b, glass_columns_a
Temple:   nicolae_temple_ecumenical_triangle

Skill      XL: |  1  2  3  4  5  6 |
---------------+-------------------+-----
Armour         | 4 5 |  5.0
Fighting       | 4 5 6 |  6.5
Shields        | 4 |  4.0
Axes           | 3 4 5 6 |  6.5
Dodging        | 2 |  2.0
Invocations    | |  0.1

Action                     |  1- 3 |  4- 6 |  7- 9 || total
---------------------------+-------+-------+-------++-------
  Melee: War axe           |    75 |    78 |    33 ||   186
         Headbutt          |    13 |    13 |    10 ||    36
    Use: Potion            |       |     1 |       ||     1
         Scroll            |       |     5 |     7 ||    12
 Armour: Scale mail        |    38 |    32 |    13 ||    83
  Dodge: Dodged            |    36 |    48 |    17 ||   101
  Block: Buckler           |    13 |    13 |    10 ||    36

Table legend: (Time is in decaauts)
 A = Elapsed time spent in this place.
 B = Non-inter-level travel time spent in this place.
 C = Inter-level travel time spent in this place.
 D = Time resting spent in this place.
 E = Time spent auto-exploring this place.
 F = Levels seen in this place.
 G = Mean time per level.
                   A        B        C        D        E       F      G
               +--------+--------+--------+--------+--------+-----+--------+
         Total |   3049 |   2957 |     92 |    210 |   2101 |   6 |  508.2 |
       Dungeon |   2688 |   2602 |     86 |    102 |   1967 |   4 |  672.0 |
        Temple |     18 |     12 |      6 |      0 |      0 |   1 |   18.0 |
       Ossuary |    342 |    342 |      0 |    108 |    134 |   1 |  342.0 |
               +--------+--------+--------+--------+--------+-----+--------+

Top non-repeatable levels by time:
     D:2: 992 daAuts
     D:3: 768 daAuts
     D:1: 743 daAuts
 Ossuary: 342 daAuts
     D:4: 182 daAuts
  Temple: 18 daAuts
